Map: Ulrena

Players

Rize

  • Race: Protoss Protoss

YSMS - Winner!

  • Race: Protoss Protoss
  • League: Master

VOD

Have the link to the VOD?

Description

Time

  • Played on: May 21, 2016, 9:51 p.m.
  • Length: 11:40
Show
View Real Time Build Order
Export as new Build Order

Rize Protoss 

Build Orders: Nexus First 

Get SALT Encoding   

  12  0:01  Probe (Chrono Boost)  
  13  0:11  Probe (Chrono Boost)  
  14  0:18  Pylon  
  14  0:22  Probe (Chrono Boost)  
  15  0:37  Probe (Chrono Boost)  
  16  0:56  Nexus  
  16  0:59  Probe (Chrono Boost)  
  17  1:10  Gateway  
  17  1:16  Assimilator  
  17  1:26  Gateway  
  17  1:30  Probe (Chrono Boost)  
  18  1:36  Assimilator  
  18  1:40  Probe (Chrono Boost)  
  19  1:47  Pylon  
  19  1:55  Pylon  
  19  2:06  Cybernetics Core  
  19  2:09  Probe (Chrono Boost)  
  22  2:24  Zealot (Chrono Boost)  
  22  2:26  Zealot (Chrono Boost)  
  24  2:32  Probe (Chrono Boost)  
  26  2:42  Mothership Core (Chrono Boost)  
  27  2:53  Stalker x2 (Chrono Boost)  
  27  2:57  Warp Gate  
  31  3:09  Pylon  
  27  3:14  Mothership Core (Chrono Boost)  
  26  3:28  Pylon  
  26  3:30  Pylon  
  26  3:41  Stalker (Chrono Boost)  
  26  3:45  Pylon  
  26  3:55  Stalker (Chrono Boost)  
  28  4:12  Stalker (Chrono Boost)  
  30  4:27  Robotics Facility  
  32  4:32  Probe, Sentry (Chrono Boost)  
  33  5:00  Sentry  
  33  5:06  Pylon  
  35  5:09  Pylon  
  35  5:13  Gateway  
  29  5:29  Probe (Chrono Boost)  
  26  5:39  Probe (Chrono Boost)  
  25  5:47  Sentry  
  25  5:48  Sentry  
  29  5:50  Probe (Chrono Boost)  
  30  6:00  Probe (Chrono Boost)  
  31  6:06  Immortal (Chrono Boost)  
  35  6:11  Probe  
  36  6:23  Probe  
  37  6:27  Zealot x2  
  41  6:35  Probe  
  42  6:44  Immortal (Chrono Boost)  
  46  6:50  Pylon  
  44  7:03  Probe (Chrono Boost)  
  45  7:14  Probe (Chrono Boost)  
  46  7:24  Probe (Chrono Boost)  
  47  7:38  Pylon  
  47  7:56  Probe  
  47  7:57  Immortal (Chrono Boost)  
  52  8:05  Stalker  
  54  8:10  Pylon  
  54  8:12  Pylon  
  54  8:20  Probe  
  55  8:30  Warp Prism (Chrono Boost)  
  53  8:37  Probe (Chrono Boost)  
  54  8:48  Probe (Chrono Boost)  
  55  8:54  Stalker x2  
  59  9:13  Gateway  
  59  9:18  Stalker  
  59  9:19  Stalker  
  63  9:42  Pylon  
  63  9:44  Sentry  
  63  9:45  Sentry  
  67  10:09  Zealot x3  
  73  10:26  Stalker  
  75  10:30  Stalker  
  75  10:32  Stalker  
  79  10:38  Pylon  
  63  10:57  Stalker x2  
  37  11:27  Stalker, Sentry x2  
Show
View Real Time Build Order
Export as new Build Order

YSMS Protoss - Winner!

Build Orders:  

Get SALT Encoding   

  12  0:01  Probe (Chrono Boost)  
  13  0:11  Probe (Chrono Boost)  
  14  0:17  Pylon  
  14  0:23  Probe (Chrono Boost)  
  16  0:35  Probe (Chrono Boost)  
  16  0:36  Gateway  
  16  0:46  Probe (Chrono Boost)  
  16  0:48  Assimilator  
  17  0:57  Probe (Chrono Boost)  
  18  0:58  Assimilator  
  18  1:07  Probe (Chrono Boost)  
  18  1:10  Gateway  
  19  1:18  Probe (Chrono Boost)  
  20  1:23  Cybernetics Core  
  20  1:28  Probe (Chrono Boost)  
  21  1:35  Pylon  
  21  1:42  Probe (Chrono Boost)  
  22  1:54  Probe (Chrono Boost)  
  22  1:59  Stalker (Chrono Boost)  
  27  2:04  Stalker (Chrono Boost), Warp Gate  
  27  2:14  Mothership Core (Chrono Boost)  
  29  2:19  Pylon  
  29  2:26  Pylon  
  29  2:37  Stalker (Chrono Boost)  
  33  2:53  Stalker (Chrono Boost)  
  33  3:12  Stalker (Chrono Boost)  
  36  3:23  Stalker (Chrono Boost)  
  36  3:38  Stalker (Chrono Boost)  
  36  3:50  Stargate  
  34  4:09  Pylon  
  34  4:12  Stalker  
  36  4:24  Stalker  
  37  4:34  Oracle (Chrono Boost)  
  40  4:46  Pylon  
  40  5:00  Pylon  
  40  5:11  Sentry x2  
  40  5:12  Probe  
  45  5:23  Nexus  
  45  5:24  Void Ray (Chrono Boost)  
  44  5:44  Pylon  
  44  6:00  Gateway x2  
  44  6:01  Oracle (Chrono Boost)  
  47  6:16  Probe  
  48  6:22  Gateway  
  48  6:28  Probe  
  49  6:37  Stalker  
  51  6:43  Probe  
  51  6:45  Probe  
  53  7:08  Stalker x2  
  57  7:22  Probe  
  57  7:24  Probe  
  59  7:33  Probe  
  59  7:34  Pylon  
  63  7:44  Oracle (Chrono Boost)  
  63  7:46  Robotics Facility  
  63  7:48  Sentry  
  63  7:49  Stalker  
  67  7:58  Pylon  
  67  8:03  Pylon  
  67  8:04  Stalker  
  69  8:05  Sentry  
  69  8:10  Pylon  
  71  8:16  Probe  
  72  8:28  Void Ray (Chrono Boost)  
  76  8:40  Immortal (Chrono Boost)  
  80  8:43  Probe x2  
  82  9:03  Zealot x3  
  82  9:04  Stalker  
  90  9:12  Pylon  
  90  9:19  Immortal  
  94  9:36  Zealot, Stalker x3  
  102  9:44  Pylon  
  102  9:54  Pylon  
  102  9:57  Pylon  
  102  10:05  Pylon  
  102  10:13  Immortal  
  106  10:16  Pylon  
  106  10:17  Assimilator x2  
  103  10:29  Stalker x2  
  104  10:38  Probe  
  104  10:39  Zealot  
  104  10:55  Immortal  
  91  11:05  Zealot x3  
  91  11:06  Stalker  
  91  11:16  Probe  
  92  11:20  Stalker, Pylon  
Tags
 
Add a new tag
Caveats
  • Supply blocks, unpowered buildings, or Contaminate may cause inaccurate times.
  • Supply counts are checked every 10 seconds.